 Dungeon Crawl Stone Soup version 0.31-a0-246-g8cbcc1cb85 (webtiles) character file.

Game seed: 17320395579552110798

57 qw the Shooter (level 3, -2/29 HPs)
             Began as a Minotaur Hexslinger on July 12, 2023.
             Slain by a gnoll
             ... wielding a +0 whip
              (5 damage)
             ... on level 2 of the Dungeon.
             The game lasted 00:00:23 (907 turns).

qw the Shooter (Minotaur Hexslinger)                 Turns: 907, Time: 00:00:24

Health: -2/29      AC:  5    Str: 12    XL:     3   Next: 73%
Magic:  3/3        EV: 12    Int: 10    God:
Gold:   77         SH:  0    Dex: 14    Spells: 3/4 levels left

rFire   . . .        Y - +1 sling
rCold   . . .        (no shield)
rNeg    . . .        c - +0 robe
rPois   .            (helmet restricted)
rElec   .            (no cloak)
rCorr   .            f - +2 pair of gloves
SInv    .            (no boots)
Will    .....        (no amulet)
Stlth   +            (no ring)
HPRegen 0.24/turn    (no ring)
MPRegen 0.08/turn

%: no passive effects
@: no status effects
A: horns 2, retaliatory headbutt
a: no special abilities


You were on level 2 of the Dungeon.
You visited 1 branch of the dungeon, and saw 2 of its levels.

You collected 77 gold pieces.


Innate Abilities, Weirdness & Mutations

You have a pair of horns on your head.
You reflexively headbutt those who attack you in melee.


   Skills:
 - Level 2.1 Fighting
 + Level 4.2 Ranged Weapons
 - Level 2.1 Dodging
 - Level 1.0 Spellcasting
 - Level 2.0 Hexes


You had 3 spell levels left.
You knew the following spells:

 Your Spells              Type           Power      Damage    Failure   Level
a - Slow                  Hex            16%        N/A       16%         1

Your spell library contained the following spells:

 Spells                   Type           Power      Damage    Failure   Level
 Inner Flame              Hex/Fire       2%         N/A       56%         3
 Portal Projectile        Hex/Tloc       4%         N/A       56%         3
 Cause Fear               Hex            2%         N/A       83%         4

Inventory:

Hand Weapons
 Y - a +1 sling (weapon)
Armour
 b - a +0 cloak
 c - a +0 robe (worn)
 f - a +2 pair of gloves (worn)
Potions
 a - a potion of heal wounds {unknown}
 e - a potion of mutation {unknown}

Dungeon Overview and Level Annotations

Branches:
Dungeon (2/15)

Altars:


Message History

You shoot a sling bullet. The sling bullet hits the gnoll!
The gnoll is almost dead.
The gnoll hits you from afar with a +0 spear.
You shoot a sling bullet. The sling bullet hits the gnoll.
You kill the gnoll!
Your Ranged Weapons skill increases to level 4!
898 ||| FLEEEEING.
Found 25 gold pieces.
Enter note:
Enter note:
899 ||| FLEEEEING.
Enter note:
Enter note:
900 ||| FLEEEEING.
Enter note:
Enter note:
901 ||| FLEEEEING.
Enter note:
Enter note: You shoot a sling bullet.
The sling bullet hits the gnoll but does no damage.
The gnoll is severely wounded.
The gnoll hits you with a +0 club. x2
You shoot a sling bullet.
The sling bullet closely misses the gnoll.
The gnoll hits you with a +0 whip.
A rat comes into view.
The gnoll hits you with a +0 club.
You shoot a sling bullet. The sling bullet hits the gnoll.
The gnoll is severely wounded.
The gnoll hits you with a +0 whip. The gnoll hits you but does no damage.
You shoot a sling bullet. The sling bullet hits the gnoll.
You kill the gnoll!
The gnoll hits you with a +0 whip.
You shoot a sling bullet. The sling bullet hits the gnoll.
The gnoll is lightly wounded.
The gnoll hits you with a +0 whip.
You shoot a sling bullet. The sling bullet hits the gnoll.
The gnoll is lightly wounded.
The rat misses you. The gnoll hits you with a +0 whip.
You die...

#....# #....# #$$..# #....#
#....# #....# ######....#
.....#....#################
. #.....r@......##........
#...###...g.......##........
#...............''........
#####.###.......##........
#)# #.......##........ #.#
#.......##........ #..
#.......##........ ###
##########........ #........


You could see a gnoll and a rat.

Vanquished Creatures
  2 gnolls (D:2)
  2 bats (D:1)
  4 endoplasms (D:1)
  7 goblins
  A hobgoblin (D:1)
  3 quokkas (D:1)
  3 ball pythons
  2 frilled lizards
  5 kobolds (D:1)
  7 rats
  A spectral goblin (D:1)
37 creatures vanquished.

Notes
Turn   | Place    | Note
-------+----------+-------------------------------------------
     0 | D:1      | qw the Minotaur Hexslinger began the quest for the Orb.
     0 | D:1      | Reached XP level 1. HP: 16/16 MP: 1/1
     0 | D:1      | 0 ||| qw: Version: 0.3-a-52-g30416fa
     0 | D:1      | 0 ||| qw: Game counter: 6287
     0 | D:1      | 0 ||| qw: Melee chars always use a shield: true
     0 | D:1      | 0 ||| qw: God list: Okawaru
     0 | D:1      | 0 ||| qw: Allow faded altars: false
     0 | D:1      | 0 ||| qw: Do Orc after clearing Dungeon:15 true
     0 | D:1      | 0 ||| qw: Do second Lair branch before Depths: true
     0 | D:1      | 0 ||| qw: Lair rune preference: random
     0 | D:1      | 0 ||| qw: Goals: Normal
     0 | D:1      | 0 ||| PLANNING D:1-11
   126 | D:1      | Reached skill level 3 in Ranged Weapons
   127 | D:1      | Reached XP level 2. HP: 23/23 MP: 2/2
   287 | D:1      | Found a faded altar of an unknown god.
   289 | D:1      | 289 ||| Stepping ~*~*~tactically~*~*~ (water).
   427 | D:1      | Reached XP level 3. HP: 29/29 MP: 3/3
   692 | D:1      | 692 ||| UPGRADING to +2 pair of gloves.
   697 | D:1      | 697 ||| READING scroll labelled MINAR IPHOSATWUMO.
   698 | D:1      | 698 ||| DROPPING scroll of poison.
   898 | D:2      | Reached skill level 4 in Ranged Weapons
   898 | D:2      | 898 ||| FLEEEEING.
   899 | D:2      | 899 ||| FLEEEEING.
   900 | D:2      | 900 ||| FLEEEEING.
   901 | D:2      | 901 ||| FLEEEEING.
   904 | D:2      | HP: 5/29 [gnoll/+0 whip (5)]
   907 | D:2      | Slain by a gnoll

Levels and vault maps discovered:
D:1:      sevenhm_arrival_forest_fort_small_4, layout_loops_ring,
          dreamdust_ecumenical_altar_drowned_temple
D:2:      layout_basic, uniq_sigmund

Skill      XL: |  1  2  3 |
---------------+----------+-----
Ranged Weapons | 3 4 |  4.2
Fighting       | 2 |  2.1
Dodging        | |  2.1
Spellcasting   | |  1.0
Hexes          | |  2.0

Action                     || total
---------------------------++-------
   Fire: Sling             ||    96
    Use: Scroll            ||     1
 Armour: Robe              ||     5
  Dodge: Dodged            ||    17

Table legend:
 A = Non-vault XP
 B = Vault XP
 C = Vault XP percentage of total XP
 D = Non-vault monster count
 E = Vault monster count
 F = Vault count percentage of total count
                 A         B        C        D         E       F
            +---------+---------+-------+---------+---------+-------
      Total |      81 |       1 |   1.2 |      36 |       1 |   2.7
            +---------+---------+-------+---------+---------+-------
        D:1 |      47 |       1 |   2.1 |      29 |       1 |   3.3
        D:2 |      34 |       0 |   0.0 |       7 |       0 |   0.0
            +---------+---------+-------+---------+---------+-------
